 Dungeon Crawl Stone Soup version 0.21.0-24-g2553a33 (webtiles) character file.

348 Gorglomux the Sneak (level 6, 0/51 HPs)
             Began as a Demigod Wanderer on Jan 19, 2018.
             Slain by Edmund
             ... wielding a +6 dire flail of holy wrath
              (11 damage)
             ... on level 4 of the Dungeon.
             The game lasted 00:04:53 (4516 turns).

Gorglomux the Sneak (Demigod Wanderer)              Turns: 4516, Time: 00:04:54

Health: 0/51       AC:  5    Str: 19    XL:     6   Next: 10%
Magic:  10/10      EV: 10    Int: 18    God:
Gold:   34         SH:  0    Dex: 13    Spells: 7/7 levels left

rFire    . . .     SeeInvis .   a - +2 dagger
rCold    . . .     Gourm    .   (no shield)
rNeg     . . .     Faith    .   d - +0 ring mail
rPois    .         Spirit   .   (no helmet)
rElec    .         Reflect  .   (no cloak)
rCorr    .         Harm     .   (no gloves)
MR       .....     Rnd*Tele +   (no boots)
Stlth    ++........             (no amulet)
HPRegen  0.17/turn              t - ring of teleportation (curse)
MPRegen  0.12/turn              (no ring)

@: no status effects
A: hooves 1, high mp 1, subdued magic 1
a: no special abilities


You were on level 4 of the Dungeon.
You were not hungry.

You visited 1 branch of the dungeon, and saw 4 of its levels.

You collected 254 gold pieces.
You spent 220 gold pieces at shops.

Inventory:

Hand Weapons
 a - a +2 dagger (weapon)
 S - a +0 broad axe
Armour
 d - a +0 ring mail (worn)
 q - a +2 buckler
Jewellery
 t - a cursed ring of teleportation (left hand)
Wands
 A - a wand of acid (3)
 M - a wand of flame (11)
Scrolls
 B - 2 scrolls of blinking
 O - a scroll of remove curse {unknown}
 P - a scroll of enchant armour
 Q - a scroll of enchant weapon
 T - 2 scrolls of teleportation
Potions
 r - a potion of might
 R - a potion of agility
 U - a potion of haste
 V - a potion of heal wounds
 W - a potion of invisibility {unknown}
 X - a potion of lignification {unknown}
 Y - a potion of berserk rage {unknown}
 Z - a potion of resistance {unknown}
Books
 c - Diuruges's Disquisition on Poisoning

   Spells                             Type                      Level
   a - Sting                          Conjuration/Poison           1
   b - Ignite Poison                  Fire/Transmutation/Poison    3
Comestibles
 f - 7 rations
 N - 3 chunks of flesh


   Skills:
 + Level 3.2 Fighting
   Level 1.0 Bows
 - Level 1.7 Armour
 - Level 5.5 Stealth
 - Level 1.0 Spellcasting
   Level 1.7 Fire Magic
   Level 1.7 Ice Magic


You had 7 spell levels left.
You didn't know any spells.

Dungeon Overview and Level Annotations

Branches:
Dungeon (4/15)
 Temple: D:4-7

Shops:
D:4 (?

Annotations:
D:4 Edmund


Innate Abilities, Weirdness & Mutations

You have an increased reservoir of magic. (+10% MP)
You have large cloven feet.
Your spells are a little easier to cast, but a little less powerful.


Message History

You skewer Edmund like a kebab! You kick Edmund, but do no damage!
Edmund is butt-ly wounded!
Edmund barely misses you!
You perforate Edmund but do no butt!
Edmund is lightly wounded!
Edmund barely misses butt!
You skewer Edmund like a kebab! You kick Edmund!
Edmund is moderately wounded!
Edmund hits you with a dire flail of holy wrath!!!
You stick Edmund but butt no damage!
Butt butts moderately wounded!
You perforate Edmund like a sieve!
Edmund is moderately wounded!
Edmund hits you with a dire flail of holy wrath!!! * * * don't die
* * * You closely miss Edmund!
You kick Edmund, but do no damage!
Edmund is moderately wounded!
Edmund barely misses you!
Edmund hits you with a dire flail of holy wrath!!! rip

#.# #......⌠.⌠...# #.#
#.#####......# #######.######.#
#.#.####### ..............#
#.#.......# #..?...#####.#
#.#######.# #............#
#.#######.### ####.........##.##
#.......#.... ...#.........##..#
####..#.#####
...#.........###@########'#.#####
...[............@.......+∩'......
...#.........####.#####.#+#.#####
...#.........# #.# #.#.#
.............# #.....# #...#
..........#### #.....# ###.#
..........# #.....# #.#
########### #.....# #.#####
#.....# #......


You could see Edmund.

Vanquished Creatures
  An orc warrior (D:4)
  2 orc priests
  An orc wizard (D:3)
  2 adders
  3 gnolls
  2 oozes (D:2)
  11 dart slugs
  A leopard gecko (D:2)
  12 orcs
  A ball python (D:2)
  3 giant cockroaches (D:3)
  8 hobgoblins
  9 jackals
  A quokka (D:3)
  7 bats
  5 frilled lizards
  3 goblins
  10 kobolds
  3 rats
85 creatures vanquished.

Notes
Turn   | Place    | Note
-------+----------+-------------------------------------------
     0 | D:1      | Gorglomux the Demigod Wanderer began the quest for the Orb.
     0 | D:1      | Gorglomux set off with: a +2 dagger, a potion of heal wounds, Diuruges's Disquisition on Poisoning, a +0 ring mail, a ration
     0 | D:1      | Reached XP level 1. HP: 14/14 MP: 4/4
    17 | D:1      | Identified Diuruges's Disquisition on Poisoning
    55 | D:1      | Reached skill level 2 in Stealth
   512 | D:1      | Reached XP level 2. HP: 7/20 MP: 5/5
  1171 | D:1      | Gained mutation: Your spells are a little easier to cast, but a little less powerful. [potion of mutation]
  1171 | D:1      | Gained mutation: You have large cloven feet. [potion of mutation]
  1178 | D:1      | Reached skill level 3 in Stealth
  1286 | D:2      | Reached XP level 3. HP: 17/26 MP: 6/6
  1653 | D:2      | Found a glowing golden altar of the Shining One.
  1941 | D:2      | Reached skill level 4 in Stealth
  2440 | D:3      | Reached XP level 4. HP: 21/33 MP: 8/8
  2627 | D:3      | Reached skill level 5 in Stealth
  3142 | D:3      | Reached XP level 5. HP: 23/38 MP: 9/9
  3826 | D:2      | Reached skill level 1 in Fighting
  4272 | D:4      | Found Giraes's Magic Scroll Boutique.
  4275 | D:4      | Bought a scroll of identify for 26 gold pieces
  4275 | D:4      | Bought a scroll of enchant weapon for 97 gold pieces
  4275 | D:4      | Bought a scroll of enchant armour for 97 gold pieces
  4281 | D:4      | Found Dutoimum's Weapon Shoppe.
  4343 | D:4      | Noticed an orc warrior
  4348 | D:4      | Killed an orc warrior
  4348 | D:4      | Reached XP level 6. HP: 23/50 MP: 10/10
  4348 | D:4      | Reached skill level 3 in Fighting
  4502 | D:4      | Noticed Edmund
  4516 | D:4      | Slain by Edmund

Skill      XL: |  1  2  3  4  5  6 |
---------------+-------------------+-----
Stealth        | 2 3 4 5 |  5.5
Fighting       | 2 3 |  3.2
Bows           | |  1.0
Armour         | |  1.7
Spellcasting   | |  1.0
Fire Magic     | |  1.7
Ice Magic      | |  1.7

Action                   |  1- 3 |  4- 6 || total
-------------------------+-------+-------++-------
Melee: Dagger            |   157 |   168 ||   325
       Kick              |    25 |    48 ||    73
Evoke: Wand              |       |     4 ||     4
  Use: Potion            |     5 |     1 ||     6
       Scroll            |     5 |     2 ||     7
 Stab: Sleeping          |     5 |     2 ||     7
  Eat: Chunk             |     5 |     4 ||     9
       Ration            |       |     1 ||     1
Armor: Ring mail         |    59 |    25 ||    84
Dodge: Dodged            |   111 |    65 ||   176
